 Dungeon Crawl Stone Soup version 0.31-a0-200-gbc41564c69 (webtiles) character file.

Game seed: 11440496446735137438

78 qw the Shooter (level 4, -3/25 HPs)
             Began as a Deep Elf Hunter on June 25, 2023.
             Slain by an orc wizard
             ... wielding a +1 dagger of venom
              (4 damage)
             ... on level 2 of the Dungeon.
             The game lasted 00:00:22 (767 turns).

qw the Shooter (Deep Elf Hunter)                     Turns: 767, Time: 00:00:22

Health: -3/25      AC:  5    Str: 10    XL:     4   Next: 15%
Magic:  6/6        EV: 11    Int: 14    God:
Gold:   33         SH:  0    Dex: 18    Spells: 3/3 levels left

rFire   . . .        Y - +0 shortbow
rCold   . . .        (shield currently unavailable)
rNeg    . . .        d - +0 ring mail
rPois   .            (no helmet)
rElec   .            (no cloak)
rCorr   .            (no gloves)
SInv    .            (no boots)
Will    .....        (no amulet) Stlth
                     (no ring)
HPRegen 0.24/turn    (no ring)
MPRegen 0.10/turn

%: no passive effects
@: confused, lethally poisoned (-3 -> -14)
A: no striking features
a: no special abilities


You were on level 2 of the Dungeon.
You visited 1 branch of the dungeon, and saw 2 of its levels.

You collected 33 gold pieces.


   Skills:
 - Level 1.5 Fighting
 + Level 7.6 Ranged Weapons
 - Level 2.4 Dodging
 - Level 1.2 Stealth


You had 3 spell levels left.
You didn't know any spells.
Your spell library was empty.

Inventory:

Hand Weapons
 Y - a +0 shortbow (weapon)
Armour
 d - a +0 ring mail (worn)
Scrolls
 a - 2 scrolls of teleportation {unknown}
Potions
 b - a potion of might {unknown}
 c - a potion of brilliance {unknown}
 e - 2 potions of degeneration {unknown}
 h - a potion of haste {unknown}

Dungeon Overview and Level Annotations

Branches:
Dungeon (2/15)

Altars:

Shops:
D:1 *


Message History

You shoot an arrow. The arrow hits the orc.
You kill the orc!
You shoot an arrow.
The arrow hits the orc wizard but does no damage.
The orc wizard is lightly wounded.
The orc wizard casts a spell at you.
You are confused.
The orc wizard hits you but does no damage.
The orc wizard closely misses you.
The orc wizard hits you with a +1 dagger of venom.
The orc wizard barely misses you.
The orc wizard hits you but does no damage.
You are poisoned.
You feel less confused.
You feel very sick.
The orc wizard hits you but does no damage.
You are more poisoned.
You shoot an arrow.
The arrow hits the orc wizard but does no damage.
You feel very sick.
The orc wizard hits you with a +1 dagger of venom.
You shoot an arrow.
The arrow closely misses the orc wizard.
You feel very sick.
The orc wizard gestures wildly while chanting.
The orc wizard flickers and vanishes!
Deactivating autopickup; reactivate with Ctrl-A.
You shoot an arrow.
You feel sick. Something barely misses you.
You hear some strange, mumbled words.
You are confused.
You shoot an arrow.
You feel sick. Something hits you.
You shoot an arrow.
You feel sick. Something hits you but does no damage.
You are lethally poisoned!
You shoot an arrow.
You feel very sick. Something hits you.
You die...

#.## #..#### .##
#.....# #....# ##..##.#
#....# #...##.####
..#### ....#
#.#........ ..).# ...#
#.#.......# ...##).##.#
#.#.##....#
#....{@..####.#.####..#
#####.#...)#..#........
................#####..
#####.#.##...##.# #..
#...##..###.# ##.
##........ . ##
....#####. ## # .....#
# ..... .#..### #.###


There were no monsters in sight!

Vanquished Creatures
  An orc priest (D:2)
  2 adders
  A worm (D:2)
  A dart slug (D:1)
  2 orcs (D:2)
  3 ball pythons (D:1)
  4 endoplasms
  A goblin (D:1)
  2 hobgoblins
  3 bats (D:1)
  2 frilled lizards (D:1)
  2 kobolds (D:1)
  2 rats (D:1)
26 creatures vanquished.

Notes
Turn   | Place    | Note
-------+----------+-------------------------------------------
     0 | D:1      | qw the Deep Elf Hunter began the quest for the Orb.
     0 | D:1      | Reached XP level 1. HP: 12/12 MP: 3/3
     0 | D:1      | 0 ||| qw: Version: 0.3-a-22-g0ed2b0b
     0 | D:1      | 0 ||| qw: Game counter: 5569
     0 | D:1      | 0 ||| qw: Melee chars always use a shield: true
     0 | D:1      | 0 ||| qw: God list: Okawaru
     0 | D:1      | 0 ||| qw: Allow faded altars: false
     0 | D:1      | 0 ||| qw: Do Orc after clearing Dungeon:15 true
     0 | D:1      | 0 ||| qw: Do second Lair branch before Depths: true
     0 | D:1      | 0 ||| qw: Lair rune preference: random
     0 | D:1      | 0 ||| qw: Goals: Normal
     0 | D:1      | 0 ||| PLANNING D:1-11
   154 | D:1      | Reached skill level 6 in Ranged Weapons
   154 | D:1      | Reached XP level 2. HP: 16/16 MP: 4/4
   230 | D:1      | Found Miklihib's General Store.
   236 | D:1      | 236 ||| SHOPLISTING potion of heal wounds (70 gold, have
                  | 33).
   236 | D:1      | 236 ||| SHOPLISTING scroll of teleportation (42 gold, have
                  | 33).
   441 | D:1      | 441 ||| UPGRADING to +0 ring mail.
   451 | D:1      | 451 ||| DROPPING +0 leather armour.
   452 | D:1      | 452 ||| READING scroll labelled WECKIE SEZOIBLA.
   482 | D:1      | 482 ||| DRINKING 2 fuming blue potions.
   483 | D:1      | 483 ||| DROPPING scroll of butterflies.
   524 | D:2      | 524 ||| STAIRDANCE
   528 | D:1      | HP: 4/16 [adder (2)]
   530 | D:1      | HP: 1/16 [poisoned by an adder]
   531 | D:1      | Reached XP level 3. HP: 1/20 MP: 5/5
   531 | D:1      | 531 ||| DRINKING potion of curing.
   531 | D:1      | 531 ||| (to cure poison)
   619 | D:2      | Reached skill level 7 in Ranged Weapons
   748 | D:2      | Reached XP level 4. HP: 25/25 MP: 6/6
   765 | D:2      | HP: 5/25 [something (2)]
   767 | D:2      | HP: 1/25 [poisoned by an orc wizard]
   767 | D:2      | Slain by an orc wizard

Levels and vault maps discovered:
D:1:      dpeg_arrival_orchard, layout_rooms, serial_shops,
          nicolae_shop_rolling_square
D:2:      layout_rooms, uniq_natasha

Skill      XL: |  1  2  3 |
---------------+----------+-----
Ranged Weapons | 6 7 |  7.6
Fighting       | |  1.5
Dodging        | |  2.4
Stealth        | |  1.2

Action                     |  1- 3 |  4- 6 || total
---------------------------+-------+-------++-------
   Fire: Shortbow          |    72 |    14 ||    86
    Use: Potion            |     2 |       ||     2
         Scroll            |     1 |       ||     1
 Armour: Leather armour    |     7 |       ||     7
         Ring mail         |     7 |     5 ||    12
  Dodge: Dodged            |    24 |     3 ||    27

Table legend:
 A = Non-vault XP
 B = Vault XP
 C = Vault XP percentage of total XP
 D = Non-vault monster count
 E = Vault monster count
 F = Vault count percentage of total count
                 A         B        C        D         E       F
            +---------+---------+-------+---------+---------+-------
      Total |     112 |       0 |   0.0 |      26 |       0 |   0.0
            +---------+---------+-------+---------+---------+-------
        D:1 |      43 |       0 |   0.0 |      19 |       0 |   0.0
        D:2 |      69 |       0 |   0.0 |       7 |       0 |   0.0
            +---------+---------+-------+---------+---------+-------
